 Dungeon Crawl Stone Soup version 0.30-a0-778-g2ef04afb54 (webtiles) character file.

Game seed: 13324068227165740611

65 Darius099 the Shield-Bearer (level 3, 0/33 HPs)
             Began as a Minotaur Fighter on Feb 16, 2023.
             Slain by a gnoll
             ... wielding a +0 flail
              (5 damage)
             ... on level 1 of the Dungeon.
             The game lasted 00:02:28 (980 turns).

Darius099 the Shield-Bearer (Minotaur Fighter)       Turns: 980, Time: 00:02:29

Health: 0/33       AC: 11    Str: 22    XL:     3   Next: 94%
Magic:  2/2        EV:  9    Int:  5    God:
Gold:   37         SH:  4    Dex:  9    Spells: 2/2 levels left

rFire   . . .      SeeInvis .    a - +0 war axe
rCold   . . .      Faith    .    c - +0 buckler
rNeg    . . .      Spirit   .    b - +0 scale mail
rPois   .          Reflect  .    (helmet restricted)
rElec   .          Harm     .    (no cloak)
rCorr   +          Rampage  .    (no gloves)
Will    .....                    (no boots) Stlth
                                 (no amulet)
HPRegen 0.25/turn                f - ring of resist corrosion
MPRegen 0.08/turn                q - +4 ring of protection

@: no status effects
A: horns 2, retaliatory headbutt
a: no special abilities


You were on level 1 of the Dungeon.
You visited 1 branch of the dungeon, and saw 2 of its levels.

You collected 37 gold pieces.

Inventory:

Hand Weapons
 a - a +0 war axe (weapon)
Missiles
 g - 24 stones (quivered)
Armour
 b - a +0 scale mail (worn)
 c - a +0 buckler (worn)
Jewellery
 f - a ring of resist corrosion (left hand)
 m - a ring of protection from fire
 q - a +4 ring of protection (right hand)
Scrolls
 e - a scroll of teleportation {unknown}
 i - a scroll of torment {unknown}
 k - a scroll of identify {unknown}
 n - a scroll of fear {unknown}
 o - a scroll of vulnerability {unknown}
Potions
 d - 2 potions of might
 h - 2 potions of attraction {unknown}
 j - a potion of ambrosia {unknown}
 l - a potion of cancellation {unknown}
 p - a potion of lignification {unknown}


   Skills:
 + Level 4.2 Fighting
 + Level 3.3 Axes
 + Level 4.3 Armour
 + Level 4.3 Shields


You had 2 spell levels left.
You didn't know any spells.
Your spell library contained the following spells:

 Spells                   Type           Power      Damage    Failure   Level
 Kiss of Death            Conj/Necr      0%         2d5       87%         1
 Confusing Touch          Hex            0%         N/A       99%         3
 Dispel Undead            Necr           0%         3d6       100%        4


Dungeon Overview and Level Annotations

Branches:
Dungeon (2/15)

Altars:
Lugonu

Portals:
Abyss: D:1

Annotations:
D:1 2 runed translucent doors


Innate Abilities, Weirdness & Mutations

You have a pair of horns on your head.
You reflexively headbutt those who attack you in melee.


Message History

There is a stone staircase leading down here.
You climb downwards.
The gnoll shouts! x3
Found 6 boomerangs.
There is a stone staircase leading up here.
A gnoll comes into view. It is wielding a +0 flail.
The gnoll shouts!
You hit the gnoll.
The gnoll is moderately wounded.
The gnoll closely misses you.
You hit the gnoll.
The gnoll is severely wounded.
The gnoll hits you with a +0 flail!
You barely miss the gnoll. Your headbutt misses the gnoll.
The gnoll is severely wounded.
The gnoll hits you with a +0 flail! The gnoll hits you but does no damage.
You slash the gnoll!
You kill the gnoll!
You hit the gnoll. You headbutt the gnoll.
The gnoll is severely wounded.
The gnoll hits you with a +0 flail! The gnoll closely misses you.
You furiously retaliate!
You headbutt the gnoll. The gnoll barely misses you.
You are too injured to fight recklessly!
You are too injured to fight recklessly!
You are too injured to fight recklessly!
You are too injured to fight recklessly!
The gnoll hits you with a +0 flail.
* * * LOW HITPOINT WARNING * * *
There is a stone staircase leading up here.
You can't go down here!
The gnoll barely misses you. x2
You climb upwards.
Level annotation: 2 runed translucent doors
There is a stone staircase leading down here.
You hit the gnoll.
You kill the gnoll!
You completely miss the gnoll. The gnoll hits you with a +0 flail.
* * * LOW HITPOINT WARNING * * *
You completely miss the gnoll. The gnoll hits you with a +0 flail.
You die...

####### ......# #####.#
############ #.#
#..........############ #.#
#.#######.............# # #^# #.#
#..##########.#
#####>#####.#######..# ######.#
..............).g.#..# ##...##.#
###............)@.#..####.###.#>#
# #.#.###.#..............#####..#
#.#.............#..##..##.....#
###.####..........#..##..##.##.##
.....# #########################
################################
.................##...##.#..#.<#
####..#...#....#....##.#..##..##
. ##..##...###...##...#.#.##..#


You could see a gnoll.

Vanquished Creatures
  2 gnolls
  2 dart slugs (D:1)
  4 ball pythons (D:1)
  7 bats (D:1)
  3 endoplasms (D:1)
  2 giant cockroaches (D:1)
  4 goblins (D:1)
  3 hobgoblins (D:1)
  2 quokkas (D:1)
  3 frilled lizards (D:1)
  5 kobolds (D:1)
  4 rats (D:1)
41 creatures vanquished.

Notes
Turn   | Place    | Note
-------+----------+-------------------------------------------
     0 | D:1      | Darius099 the Minotaur Fighter began the quest for the Orb.
     0 | D:1      | Reached XP level 1. HP: 19/19 MP: 0/0
   104 | D:1      | Found a large runed translucent door.
   104 | D:1      | Found a large runed translucent door.
   104 | D:1      | Found a one-way gate to the infinite horrors of the Abyss.
   104 | D:1      | Noticed an iron imp
   105 | D:1      | Noticed a crimson imp
   105 | D:1      | Noticed an iron imp
   105 | D:1      | Noticed a crimson imp
   106 | D:1      | Noticed an iron imp
   106 | D:1      | Noticed an iron imp
   108 | D:1      | Noticed a quasit
   108 | D:1      | Noticed an iron imp
   109 | D:1      | Reached XP level 2. HP: 27/27 MP: 1/1
   109 | D:1      | Found a corrupted altar of Lugonu.
   110 | D:1      | Noticed a crimson imp
   412 | D:1      | Reached XP level 3. HP: 32/33 MP: 2/2
   980 | D:1      | Slain by a gnoll

Illustrated notes

Levels and vault maps discovered:
D:1:      erik_arrival_cave_to_civilisation [erik_arrival_cave_to_temple],
          layout_loops_ring, minmay_statues_item, minmay_hexomino_f4
D:2:      minmay_wonky_spiral, layout_loops_ring

Skill      XL: |  1  2 |
---------------+-------+-----
Shields        | 4 |  4.3
Armour         | 4 |  4.3
Fighting       | 4 |  4.2
Axes           | 3 |  3.3

Action                     || total
---------------------------++-------
  Melee: War axe           ||    73
         Headbutt          ||     7
 Armour: Scale mail        ||    48
  Dodge: Dodged            ||    47
  Block: Buckler           ||    27

Table legend: (Time is in decaauts)
 A = Elapsed time spent in this place.
 B = Non-inter-level travel time spent in this place.
 C = Inter-level travel time spent in this place.
 D = Time resting spent in this place.
 E = Time spent auto-exploring this place.
 F = Levels seen in this place.
 G = Mean time per level.
                   A        B        C        D        E       F      G
               +--------+--------+--------+--------+--------+-----+--------+
         Total |   1006 |    954 |     52 |      0 |    623 |   2 |  503.0 |
       Dungeon |   1006 |    954 |     52 |      0 |    623 |   2 |  503.0 |
               +--------+--------+--------+--------+--------+-----+--------+

Top non-repeatable levels by time:
     D:1: 995 daAuts
     D:2: 10 daAuts
